 Dungeon Crawl Stone Soup version 0.22.0-27-ga576289601 (webtiles) character file.

445 Rrauwl the Chopper (level 6, -1/84 HPs)
             Began as a Minotaur Berserker on Aug 23, 2018.
             Was a Priest of Trog.
             Killed by divine providence
             ... invoked by an orc priest
              (11 damage)
             ... on level 3 of the Dungeon.
             The game lasted 00:04:28 (2076 turns).

Rrauwl the Chopper (Minotaur Berserker)             Turns: 2076, Time: 00:04:28

Health: -1/84      AC: 11    Str: 27    XL:     6   Next: 72%
Magic:  5/5        EV:  9    Int:  5    God:    Trog [***...]
Gold:   210        SH:  0    Dex: 10    Spells: 5/5 levels left

rFire    . . .     SeeInvis .   a - +0 hand axe
rCold    . . .     Gourm    .   (no shield)
rNeg     . . .     Faith    .   r - +0 chain mail (curse)
rPois    +         Spirit   .   (helmet restricted)
rElec    .         Reflect  .   (no cloak)
rCorr    +         Harm     .   d - +0 pair of gloves
MR       .....                  (no boots)
Stlth    ..........             (no amulet)
HPRegen  0.24/turn              k - ring of resist corrosion
MPRegen  0.09/turn              n - ring of poison resistance

@: berserking, very quick
A: retaliatory headbutt, horns 2
a: Berserk, Trog's Hand, Renounce Religion


You were on level 3 of the Dungeon.
You worshipped Trog.
Trog was most pleased with you.
You were hungry.

You visited 1 branch of the dungeon, and saw 3 of its levels.

You collected 210 gold pieces.

Inventory:

Hand Weapons
 a - a +0 hand axe (weapon)
Armour
 d - a +0 pair of gloves (worn)
 r - a cursed +0 chain mail (worn)
Jewellery
 k - a ring of resist corrosion (left hand)
 n - a ring of poison resistance (right hand)
Scrolls
 b - a scroll of immolation {unknown}
 g - 2 scrolls of blinking {unknown}
 i - 2 scrolls of identify {unknown}
 l - a scroll of enchant weapon {unknown}
 m - 2 scrolls of teleportation {unknown}
 o - 2 scrolls of amnesia {unknown}
Potions
 f - a potion of heal wounds {unknown}
 h - a potion of might {unknown}
 j - a potion of mutation {unknown}
 p - 3 potions of curing {unknown}
 q - a potion of agility {unknown}
Comestibles
 c - 11 rations
 s - 3 chunks of flesh


   Skills:
 - Level 5.3 Fighting
 + Level 6.5 Axes
 - Level 5.1 Armour
 - Level 3.0 Dodging


You had 5 spell levels left.
You didn't know any spells.
Your spell library was empty.

Dungeon Overview and Level Annotations

Branches:
Dungeon (3/15)

Altars:
Nemelex Xobeh
Okawaru


Innate Abilities, Weirdness & Mutations

You reflexively headbutt those who attack you in melee.
You have a pair of horns on your head.


Message History

Unknown command.
You hit the orc priest but do no damage.
The orc priest is almost dead.
You hit the orc priest.
The orc priest calls upon Beogh to heal the orc priest.
The orc priest is healed somewhat.
The orc priest invokes the aid of Beogh against you.
Beogh smites you!
* * * LOW HITPOINT WARNING * * *
You slash the orc priest!
The orc priest is almost dead.
You hit the frilled lizard.
You kill the frilled lizard!
Trog accepts your kill.
You hit the orc priest.
You kill the orc priest!
Trog accepts your kill.
The orc priest invokes the aid of Beogh against you.
Beogh smites you!
You die...

#.......# #.#
..########.########.#
.....................
..########..........#
####### ####.....###
#.....# #.....# #
..#.....########.....#
#
..'...).'............#
#
.#...o@##.#####.....#
# #...[[##.# #.....# #
#...###### #.....# #
#... ##_## ###..#####
#.. 8...8 #...).....
#.. #.....##.........
#. 8.....8#.........
#. ##.....##.........
#8...8##.........


You could see an orc priest.

Vanquished Creatures
  The ghost of PikkenKukken the Vexing, an amateur GnAM (D:3)
  A crimson imp (D:3)
  2 orc priests (D:3)
  An orc wizard (D:3)
  Jessica (D:3)
  7 adders
  An ooze (D:1)
  2 worms (D:2)
  3 dart slugs
  2 leopard geckos
  8 orcs (D:3)
  2 ball pythons
  8 bats
  3 giant cockroaches
  9 goblins
  8 hobgoblins
  3 jackals (D:2)
  3 quokkas
  5 frilled lizards
  5 kobolds
  15 rats
90 creatures vanquished.

Notes
Turn   | Place    | Note
-------+----------+-------------------------------------------
     0 | D:1      | Rrauwl the Minotaur Berserker began the quest for the Orb.
     0 | D:1      | Reached XP level 1. HP: 19/19 MP: 0/0
    65 | D:1      | Reached XP level 2. HP: 25/27 MP: 1/1
   286 | D:1      | Reached skill level 4 in Axes
   653 | D:2      | Reached XP level 3. HP: 31/33 MP: 2/2
   653 | D:2      | Reached ** piety under Trog
   731 | D:2      | Reached XP level 4. HP: 24/41 MP: 3/3
  1648 | D:3      | Reached *** piety under Trog
  1700 | D:3      | Reached XP level 5. HP: 45/47 MP: 4/4
  1707 | D:3      | Found a transporter.
  1707 | D:3      | Noticed PikkenKukken's ghost (amateur GnAM)
  1722 | D:3      | Found a transporter.
  1742 | D:3      | Killed PikkenKukken's ghost
  1742 | D:3      | Reached skill level 5 in Fighting
  1742 | D:3      | Reached skill level 5 in Axes
  1742 | D:3      | Reached XP level 6. HP: 56/56 MP: 5/5
  1912 | D:3      | Found a sparkling altar of Nemelex Xobeh.
  1912 | D:3      | Noticed Jessica
  1919 | D:3      | Killed Jessica
  1919 | D:3      | Reached skill level 5 in Armour
  2057 | D:3      | Found an iron altar of Okawaru.
  2067 | D:3      | Reached skill level 6 in Axes
  2076 | D:3      | Killed from afar by an orc priest

Skill      XL: |  1  2  3  4  5  6 |
---------------+-------------------+-----
Fighting       | 4 5 |  5.3
Axes           | 4 5 6 |  6.5
Armour         | 3 4 5 |  5.1
Dodging        | 3 |  3.0

Action                   |  1- 3 |  4- 6 || total
-------------------------+-------+-------++-------
Melee: Hand axe          |    77 |   138 ||   215
       Headbutt          |    12 |    16 ||    28
Invok: Berserk           |       |     2 ||     2
  Eat: Chunk             |       |     5 ||     5
Armor: Chain mail        |    38 |    58 ||    96
Dodge: Dodged            |    32 |    77 ||   109
